 Dungeon Crawl Stone Soup version 0.30-a0-557-ge2afbf3030 (webtiles) character file.

Game seed: 424867025484622808

9170 Newt the Skirmisher (level 11, -8/69 HPs)
             Began as a Kobold Hunter on Dec 27, 2022.
             Mangled by a shadow (32 damage)
             ... on level 10 of the Dungeon.
             The game lasted 00:11:50 (10621 turns).

Newt the Skirmisher (Kobold Hunter)                Turns: 10621, Time: 00:11:51

Health: -8/69      AC: 10    Str: 20    XL:     11   Next: 69%
Magic:  11/11      EV: 23    Int: 11    God:
Gold:   1741       SH:  0    Dex: 23    Spells: 10/10 levels left

rFire   . . .      SeeInvis .    a - +2 shortbow
rCold   . . .      Faith    .    (shield currently unavailable)
rNeg    . . .      Spirit   .    e - +3 troll leather armour {Pargi}
rPois   +          Reflect  .    (no helmet)
rElec   .          Harm     .    n - +0 cloak
rCorr   .          Rampage  .    (no gloves)
Will    .....                    E - +0 pair of boots of Music {rPois Str+6}
Stlth   ++++                     t - amulet of magic regeneration
HPRegen 1.11/turn                h - ring of wizardry
MPRegen 0.52/turn                y - +6 ring of strength

@: no status effects
A: small, no large weapons, nightstalker 3
a: no special abilities


You were on level 10 of the Dungeon.
You visited 1 branch of the dungeon, and saw 10 of its levels.
You also visited: Sewer.

You collected 1741 gold pieces.

Inventory:

Hand Weapons
 a - a +2 shortbow (weapon)
Missiles
 m - a throwing net
Armour
 c - a +0 leather armour
 e - a +3 troll leather armour (worn) {Pargi}
 n - a +0 cloak (worn)
 x - +0 acid dragon scales
 E - the +0 pair of boots of Music (worn) {rPois Str+6}
   (You found it on level 10 of the Dungeon)

   Str:       It affects your strength (+6).
   rPois:     It protects you from poison.
Jewellery
 h - a ring of wizardry (left hand)
 p - an amulet of faith
 t - an amulet of magic regeneration (around neck)
 y - a +6 ring of strength (right hand)
 C - a ring of magical power
Wands
 o - a wand of mindburst (11)
 q - a wand of polymorph (10)
 w - a wand of charming (7)
 B - a wand of flame (19)
Scrolls
 b - a scroll of immolation
 k - 2 scrolls of fear
 r - 2 scrolls of poison
 D - 2 scrolls of teleportation
Potions
 d - a potion of mutation
 f - 3 potions of curing
 g - 6 potions of attraction
 i - 2 potions of lignification
 j - 2 potions of might
 l - 3 potions of haste
 s - a potion of degeneration
 u - 2 potions of heal wounds
 v - a potion of resistance
 z - a potion of ambrosia {unknown}
 A - a potion of cancellation {unknown}


   Skills:
 + Level 8.9 Fighting
 - Level 14.0 Ranged Weapons
 - Level 5.0 Armour
 - Level 10.0 Dodging
 - Level 6.0 Stealth
 - Level 6.0 Evocations


You had 10 spell levels left.
You didn't know any spells.
Your spell library contained the following spells:

 Spells                   Type           Power      Damage    Failure   Level
 Shock                    Conj/Air       0%         1d3       16%         1
 Blink                    Tloc           0%         N/A       24%         2
 Ensorcelled Hibernation  Hex/Ice        0%         N/A       24%         2
 Momentum Strike          Conj/Tloc      0%         3d8       24%         2
 Scorch                   Fire           0%         2d5       24%         2
 Static Discharge         Conj/Air       0%         2-2/arc   24%         2
 Sublimation of Blood     Necr           0%         N/A       24%         2
 Wereblood                Tmut           0%         N/A       24%         2
 Lesser Beckoning         Tloc           0%         N/A       43%         3
 Spider Form              Tmut/Pois      0%         N/A       43%         3
 Swiftness                Air            0%         N/A       43%         3
 Vhi's Electric Charge    Tloc/Air       0%         N/A       43%         3
 Airstrike                Air            0%         2d(0-16)  82%         4
 Anguish                  Hex/Necr       0%         N/A       82%         4
 Flame Wave               Conj/Fire      0%         2d4       82%         4
 Summon Ice Beast         Ice/Summ       0%         N/A       82%         4
 Arcjolt                  Conj/Air       0%         1d10      98%         5
 Lightning Bolt           Conj/Air       0%         1d11      98%         5
 Summon Mana Viper        Hex/Summ       0%         N/A       98%         5
 Summon Cactus Giant      Summ           0%         N/A       100%        6
 Monstrous Menagerie      Summ           0%         N/A       100%        7
 Summon Hydra             Summ           0%         N/A       100%        7


Dungeon Overview and Level Annotations

Branches:
Dungeon (10/15)            Temple (0/1) D:5           Sewer (visited)
   Lair: D:8-11         Orc: D:9-12

Altars:
Dithmenos
Elyvilon
Nemelex Xobeh
Okawaru
Sif Muna
Trog
Wu Jian
Yredelemnul
Zin


Innate Abilities, Weirdness & Mutations

You are small and have problems with some larger weapons.
You are completely attuned to the shadows.


Message History

Maggie is moderately wounded.
You shoot an arrow. The arrow hits Maggie!
Maggie is heavily wounded.
Maggie hits you from afar with a +2 halberd of flaming!
Maggie burns you.
A shadow comes into view.
You shoot an arrow. The arrow hits Maggie.
Maggie is heavily wounded.
Maggie closely misses you.
You shoot an arrow. The arrow hits Maggie.
Maggie is severely wounded.
Maggie hits you from afar with a +2 halberd of flaming.
Maggie burns you.
The shadow slips into darkness.
The shadow flickers and vanishes!
Deactivating autopickup; reactivate with Ctrl-A.
You are too injured to fight recklessly!
You are too injured to fight recklessly!
You are too injured to fight recklessly!
Fire: a) +2 shortbow
Press: ? - help, Q - select action, (/) - cycle Shift-Dir - straight line, f/p - Maggie
Aim: Maggie, wielding a +2 halberd of flaming and wearing +2 steam dragon scales (severely wounded, 74% to hit)
You shoot an arrow. The arrow hits Maggie!
Maggie is almost dead.
Maggie hits you from afar with a +2 halberd of flaming!
Maggie burns you.
Fire: a) +2 shortbow
Press: ? - help, Q - select action, (/) - cycle Shift-Dir - straight line, f/p - Maggie
Aim: Maggie, wielding a +2 halberd of flaming and wearing +2 steam dragon scales (almost dead, 74% to hit)
You shoot an arrow. The arrow hits Maggie!
Maggie is almost dead.
Aiming: Mindburst
Press: ? - help, Shift-Dir - straight line, f/p - Maggie
Aim: Maggie, wielding a +2 halberd of flaming and wearing +2 steam dragon scales (almost dead, chance to affect: 84%) Maggie's mind is blasted!!
You blow up Maggie!
Unknown command.
You shoot an arrow.
The shadow strikes at you from the darkness!
You die...

### ##########
..# ####........#
..###...........#
..'...##........#
..######........#
..# #........#
..#
#..[.....###..
..# ........@.)..
..# ........###..
### ........# #
######.## # #.#
## ..


There were no monsters in sight!

Vanquished Creatures
  2 two-headed ogres
  Maggie (D:10)
  A shadow (D:9)
  24 yaks
  A wraith (D:10)
  A wyvern (D:8)
  A steam dragon (D:7)
  3 vampire mosquitoes
  Menkaure (D:5)
  An acid dragon (D:7)
  A water moccasin (D:8)
  Pargi (Sewer)
  An orc warrior (D:10)
  A sky beast (D:6)
  2 black bears
  An ice beast (D:7)
  2 ogres
  A centaur (D:8)
  2 kobold brigands
  2 phantoms
  Blork the orc (D:4)
  A necrophage (D:6)
  4 bullfrogs
  10 wights
  5 killer bees
  2 howler monkeys (D:7)
  3 hounds (D:4)
  Crazy Yiuf (D:5)
  Terence (D:3)
  5 iguanas
  7 orc wizards
  7 gnolls (D:3)
  6 adders
  4 river rats (D:3)
  2 shadow imps
  A white imp (D:6)
  An ufetubus (D:6)
  A worm (D:3)
  A dart slug (D:2)
  43 orcs
  2 bats (D:3)
  3 endoplasms
  3 giant cockroaches
  2 goblins
  2 hobgoblins
  2 jackals (Sewer)
  12 kobolds
  3 quokkas
  3 ball pythons
  3 frilled lizards
  11 rats
202 creatures vanquished.

Vanquished Creatures (others)
  A fungus (D:5)
  15 plants
16 creatures vanquished.

Grand Total: 218 creatures vanquished

Notes
Turn   | Place    | Note
-------+----------+-------------------------------------------
     0 | D:1      | Newt the Kobold Hunter began the quest for the Orb.
     0 | D:1      | Reached XP level 1. HP: 12/12 MP: 1/1
   468 | D:1      | Reached XP level 2. HP: 17/17 MP: 2/2
   722 | D:1      | Found a faded altar of an unknown god.
   786 | D:1      | Reached skill level 6 in Ranged Weapons
  1262 | D:2      | Reached XP level 3. HP: 21/21 MP: 3/3
  1836 | D:2      | Found a glowing silver altar of Zin.
  1850 | D:2      | Reached skill level 7 in Ranged Weapons
  1868 | D:2      | Reached XP level 4. HP: 26/26 MP: 4/4
  2291 | D:3      | Reached XP level 5. HP: 21/30 MP: 5/5
  2318 | D:3      | Noticed Terence
  2324 | D:3      | Killed Terence
  2325 | D:3      | Reached skill level 8 in Ranged Weapons
  2403 | D:3      | Reached XP level 6. HP: 11/35 MP: 6/6
  2465 | D:3      | Found a glowing drain.
  2471 | Sewer    | Entered a sewer
  2520 | Sewer    | Noticed Pargi
  2539 | Sewer    | Killed Pargi
  2540 | Sewer    | Reached skill level 5 in Dodging
  3815 | D:4      | Reached XP level 7. HP: 40/40 MP: 7/7
  4019 | D:4      | Found an iron altar of Okawaru.
  4032 | D:4      | Found a shimmering blue altar of Sif Muna.
  4040 | D:4      | Found a shadowy altar of Dithmenos.
  4387 | D:5      | Entered Level 5 of the Dungeon
  4502 | D:5      | Noticed Blork the orc
  4504 | D:5      | Noticed Menkaure
  4516 | D:4      | Killed Blork the orc
  4919 | D:5      | Reached skill level 5 in Fighting
  4986 | D:5      | Found a staircase to the Ecumenical Temple.
  5011 | D:5      | Reached XP level 8. HP: 51/51 MP: 8/8
  5233 | D:5      | Killed Menkaure
  5234 | D:5      | Reached skill level 1 in Armour
  5377 | D:5      | Found a runed translucent door.
  5380 | D:5      | Noticed Crazy Yiuf
  5384 | D:5      | Killed Crazy Yiuf
  5808 | D:6      | Found a glowing silver altar of Zin.
  5825 | D:6      | Found a bloodstained altar of Trog.
  6001 | D:6      | Reached skill level 5 in Armour
  6005 | D:6      | Reached skill level 1 in Evocations
  6127 | D:6      | Reached XP level 9. HP: 55/55 MP: 9/9
  6236 | D:6      | Found a basalt altar of Yredelemnul.
  6460 | D:7      | Reached skill level 5 in Evocations
  6732 | D:7      | Noticed a two-headed ogre
  6746 | D:7      | Killed a two-headed ogre
  6747 | D:7      | Reached skill level 9 in Ranged Weapons
  7373 | D:7      | Reached skill level 10 in Ranged Weapons
  7503 | D:7      | Reached XP level 10. HP: 59/60 MP: 10/10
  8084 | D:7      | Noticed a gargoyle
  8126 | D:7      | Reached skill level 5 in Stealth
  8155 | D:8      | Noticed a two-headed ogre
  8164 | D:8      | Killed a two-headed ogre
  8165 | D:8      | Reached skill level 11 in Ranged Weapons
  8575 | D:8      | Found a sparkling altar of Nemelex Xobeh.
  8799 | D:8      | Identified a scroll of acquirement
  8799 | D:8      | Acquired 1129 gold pieces
  8860 | D:8      | Reached skill level 12 in Ranged Weapons
  9441 | D:9      | Found an ornate altar of the Wu Jian Council.
  9472 | D:9      | Reached skill level 13 in Ranged Weapons
  9493 | D:9      | Reached XP level 11. HP: 35/64 MP: 11/11
  9759 | D:9      | Found a white marble altar of Elyvilon.
  9992 | D:9      | Reached skill level 14 in Ranged Weapons
 10123 | D:10     | Entered Level 10 of the Dungeon
 10126 | D:10     | Identified the +0 pair of boots of Music {rPois Str+6}
 10302 | D:10     | Reached skill level 10 in Dodging
 10607 | D:10     | Noticed Maggie
 10620 | D:10     | Killed Maggie
 10621 | D:10     | Mangled by a shadow

Illustrated notes

Levels and vault maps discovered:
D:1:      tarquinn_simple_flora_water_a, layout_loops_corners,
          chequers_ecumenical_altar_grove, minmay_misc_feat_iff
D:2:      layout_basic, basic_altar
D:3:      cheibrodos_helix_gallery, layout_basic, lightli_sewer_entry_pipes,
          nicolae_kite_square_tiling_tiny, hangedman_decor_growths, uniq_terence
D:4:      layout_basic, general_overflow_altar,
          mainiacjoe_overflow_tiny_flanked, grunt_dithmenos_smoke
D:5:      layout_loops_ring, minmay_temple_entry_glass, uniq_blork_the_orc,
          uniq_crazy_yiuf_cottage, uniq_menkaure
D:6:      layout_basic, grunt_temple_overflow_open, kennysheep_mini_moat
D:7:      layout_basic, st_stairs_7, minmay_shattered_shrine
D:8:      layout_loops_ring, mainiacjoe_overflow_six_doors_small,
          chequers_serial_rivers_room_a
D:9:      layout_cave_pools, nicolae_wu_jian_wuxing_cycle,
          nicolae_elyvilon_temple_path, evilmike_minifort, uniq_gastronok
D:10:     layout_roguey, uniq_maggie

Skill      XL: |  1  2  3  4  5  6  7  8  9 10 11 |
---------------+----------------------------------+-----
Ranged Weapons | 6 7 8 10 13 14 | 14.0
Dodging        | 4 6 8 10 | 10.0
Fighting       | 5 6 8 |  8.9
Armour         | 5 |  5.0
Evocations     | 2 6 |  6.0
Stealth        | 4 6 |  6.0

Action                   |  1- 3 |  4- 6 |  7- 9 | 10-12 || total
-------------------------+-------+-------+-------+-------++-------
Melee: Shortbow          |       |       |     3 |     2 ||     5
 Fire: Shortbow          |    46 |   134 |   265 |   471 ||   916
Throw: Throwing net      |       |       |     1 |       ||     1
Evoke: Wand              |       |       |     4 |     1 ||     5
  Use: Scroll            |     3 |     6 |    10 |     3 ||    22
       Potion            |       |     2 |     2 |       ||     4
Armor: Leather armour    |     2 |     6 |       |       ||     8
       Troll leather arm |       |     6 |    54 |    63 ||   123
Dodge: Dodged            |    10 |   107 |   168 |   271 ||   556

Table legend: (Time is in decaauts)
 A = Elapsed time spent in this place.
 B = Non-inter-level travel time spent in this place.
 C = Inter-level travel time spent in this place.
 D = Time resting spent in this place.
 E = Time spent auto-exploring this place.
 F = Levels seen in this place.
 G = Mean time per level.
                   A        B        C        D        E       F      G
               +--------+--------+--------+--------+--------+-----+--------+
         Total |  10685 |  10404 |    281 |   1367 |   7338 |  11 |  971.4 |
       Dungeon |  10422 |  10141 |    281 |   1367 |   7131 |  10 | 1042.2 |
         Sewer |    263 |    263 |      0 |      0 |    207 |   1 |  263.0 |
               +--------+--------+--------+--------+--------+-----+--------+

Top non-repeatable levels by time:
     D:6: 1423 daAuts
     D:7: 1340 daAuts
     D:3: 1182 daAuts
     D:4: 1113 daAuts
     D:1: 1092 daAuts
     D:2: 1088 daAuts
     D:8: 1025 daAuts
     D:9: 933 daAuts
     D:5: 763 daAuts
    D:10: 459 daAuts
   Sewer: 263 daAuts
